 Dungeon Crawl Stone Soup version 0.29.1-12-g30fa7ad0bf (webtiles) character file.

Game seed: 1732042341351656020

627 mopl the Cleaver (level 7, -7/50 HPs)
             Began as a Formicid Warper on Jan 6, 2023.
             Mangled by an ogre
             ... wielding a +0 giant spiked club
              (17 damage)
             ... on level 4 of the Dungeon.
             The game lasted 00:06:19 (3943 turns).

mopl the Cleaver (Formicid Warper)                  Turns: 3943, Time: 00:06:19

Health: -7/50      AC:  8    Str: 18    XL:     7   Next: 77%
Magic:  10/10      EV: 10    Int: 12    God:
Gold:   68         SH:  0    Dex: 13    Spells: 10/10 levels left

rFire   + . .      SeeInvis +   b - +0 dagger (venom)
rCold   + . .      Faith    .   (no shield)
rNeg    . . .      Spirit   .   u - +0 scale mail
rPois   .          Reflect  .   (helmet unavailable)
rElec   .          Harm     .   r - scarf {rC+ rF+}
rCorr   .          Rampage  .   (no gloves)
Will    .....                   j - +1 pair of boots
Stlth   ..........              m - amulet of magic regeneration
HPRegen 0.16/turn               (no ring)
MPRegen 0.52/turn               (no ring)

@: no status effects
A: permanent stasis, dig shafts and tunnels, antennae 3, four strong arms
a: Dig, Shaft Self


You were on level 4 of the Dungeon.
You visited 1 branch of the dungeon, and saw 4 of its levels.
You also visited: Sewer.

You collected 168 gold pieces.
You spent 100 gold pieces at shops.

Inventory:

Hand Weapons
 a - a +0 hand axe
 b - a +0 dagger of venom (weapon)
Missiles
 c - 7 boomerangs of dispersal
 g - 7 poisoned darts
 y - a curare-tipped dart (quivered)
Armour
 j - a +1 pair of boots (worn)
 r - a scarf of resistance (worn)
 u - a +0 scale mail (worn)
Jewellery
 m - an amulet of magic regeneration (around neck)
Scrolls
 d - a scroll of fear {unknown}
 f - 8 scrolls of identify {unknown}
 h - a scroll of vulnerability {unknown}
 i - a scroll of amnesia {unknown}
 k - a scroll of brand weapon {unknown}
 s - a scroll of enchant armour {unknown}
 t - 4 scrolls of summoning {unknown}
 x - a scroll of silence {unknown}
 B - a scroll of blinking {unknown}
 C - a scroll of teleportation {unknown}
Potions
 e - 2 potions of cancellation {unknown}
 l - a potion of curing
 n - 2 potions of invisibility {unknown}
 o - 2 potions of heal wounds {unknown}
 p - 2 potions of degeneration {unknown}
 q - 2 potions of flight {unknown}
 v - a potion of haste {unknown}
 w - a potion of brilliance {unknown}
 z - a potion of mutation {unknown}
 A - a potion of might


   Skills:
 - Level 2.1 Fighting
 + Level 8.1 Axes
 - Level 1.0 Throwing
 - Level 1.1 Armour
 - Level 1.7 Dodging
 - Level 2.1 Spellcasting
 - Level 2.6 Translocations


You had 10 spell levels left.
You didn't know any spells.
Your spell library contained the following spells:

 Spells                   Type           Power      Damage    Failure   Level
 Gell's Gravitas          Tloc           7%         N/A       65%         3
 Lesser Beckoning         Tloc           7%         N/A       65%         3
 Teleport Other           Tloc           7%         N/A       65%         3
 Ensorcelled Hibernation  Hex/Ice        2%         N/A       80%         2
 Portal Projectile        Hex/Tloc       8%         N/A       83%         3
 Conjure Flame            Conj/Fire      1%         6-21      95%         3
 Ignite Poison            Fire/Tmut/Pois 1%         N/A       95%         3
 Spider Form              Tmut/Pois      1%         N/A       95%         3
 Tukima's Dance           Hex            1%         N/A       95%         3
 Anguish                  Hex/Necr       0%         N/A       100%        4
 Corpse Rot               Necr/Pois/Air  1%         N/A       100%        4
 Dispel Undead            Necr           1%         3d6       100%        4
 Sticky Flame             Conj/Fire      1%         2d3       100%        4
 Blade Hands              Tmut           0%         N/A       100%        5
 Manifold Assault         Tloc           7%         N/A       100%        5
 Death Channel            Necr           0%         N/A       100%        6
 Blink                    Tloc           Unusable   N/A       N/A         2

Dungeon Overview and Level Annotations

Branches:
Dungeon (4/15)              Sewer (visited)
 Temple: D:4-7

Altars:
Ashenzari
Dithmenos
Kikubaaqudgha
Nemelex Xobeh

Shops:
D:1 !


Innate Abilities, Weirdness & Mutations

You cannot be hasted, slowed, berserked, paralysed or teleported.
You can dig through walls and to a lower floor.
You have a pair of large antennae on your head. (SInv)
Your four strong arms can wield two-handed weapons with a shield.


Message History

You throw a curare-tipped dart.
The curare-tipped dart barely misses the ogre.
You hit the howler monkey.
The howler monkey is poisoned.
The howler monkey is lightly wounded.
The howler monkey hoots and howls with incredible vigour!
The howler monkey barely misses you.
You hear a shout! x5
You closely miss the howler monkey.
The howler monkey is lightly wounded.
The howler monkey closely misses you.
You barely miss the howler monkey.
The howler monkey is lightly wounded.
The ogre looks more healthy.
The howler monkey completely misses you.
You closely miss the howler monkey.
The howler monkey is moderately wounded.
The howler monkey hoots and howls with incredible vigour!
You closely miss the howler monkey.
The howler monkey is heavily wounded.
The howler monkey hits you.
A kobold opens the door.
You hit the howler monkey.
The howler monkey looks as sick as possible!
The howler monkey is severely wounded.
You kill the howler monkey!
The kobold throws a poisoned dart.
The poisoned dart closely misses you.
The poisoned dart hits the ogre!
The ogre is poisoned.
A quokka comes into view.
You hit the ogre.
The ogre looks as sick as possible!
The ogre is moderately wounded.
The ogre closely misses you.
You barely miss the ogre.
The ogre is heavily wounded.
You hit the ogre.
The ogre looks as sick as possible!
The ogre is heavily wounded.
The ogre hits you with a +0 giant spiked club!!
Ouch! That really hurt!
* * * LOW HITPOINT WARNING * * *
The ogre attacks as you move away!
The ogre hits you with a +0 giant spiked club!
You die...

#.#.########.#
######.#........#.#
#......###...##.#.########
.........................#
######..#########...####.#
##...# ...##.....#<# .
#...# .....###...###
....#...#...... #.#....
....'Kr@O..(.:( #.#.###
....#...#...... #.#.... .
#...# .....###.##### #...#
..(##........ #...#
####.#.#.#.. #...# {
#<..#.... #...# #########
#...# #...... { +...+ {
#.#####


You could see an ogre (extremely poisoned), a quokka and a kobold.

Vanquished Creatures
  Sigmund (D:2)
  4 kobold brigands (Sewer)
  A howler monkey (D:4)
  4 adders
  2 river rats (Sewer)
  5 worms
  7 endoplasms
  2 giant cockroaches (D:4)
  7 goblins
  7 hobgoblins
  6 jackals (D:3)
  9 kobolds
  5 quokkas
  11 ball pythons
  7 bats
  4 frilled lizards (D:1)
  12 rats
94 creatures vanquished.

Notes
Turn   | Place    | Note
-------+----------+-------------------------------------------
     0 | D:1      | mopl the Formicid Warper began the quest for the Orb.
     0 | D:1      | Reached XP level 1. HP: 16/16 MP: 3/3
    35 | D:1      | Found Pynahocs's Distillery.
   142 | D:1      | Reached XP level 2. HP: 18/22 MP: 5/5
   441 | D:1      | Reached skill level 3 in Axes
   629 | D:1      | Reached XP level 3. HP: 24/27 MP: 6/6
   660 | D:1      | Bought a potion of curing for 30 gold pieces
   790 | D:2      | Found a faded altar of an unknown god.
  1107 | D:2      | Noticed Sigmund
  1139 | D:2      | Killed Sigmund
  1140 | D:2      | Reached skill level 5 in Axes
  1140 | D:2      | Reached XP level 4. HP: 18/33 MP: 7/7
  1140 | D:2      | Reached XP level 5. HP: 20/38 MP: 8/8
  1140 | D:2      | Reached XP level 6. HP: 24/44 MP: 9/9
  1608 | D:1      | Bought a potion of attraction for 30 gold pieces
  1608 | D:1      | Bought a potion of might for 40 gold pieces
  1739 | D:3      | Reached skill level 6 in Axes
  2139 | D:3      | Found a shadowy altar of Dithmenos.
  2140 | D:3      | Found a broken altar of Ashenzari.
  2141 | D:3      | Found an ancient bone altar of Kikubaaqudgha.
  2142 | D:3      | Found a sparkling altar of Nemelex Xobeh.
  2497 | D:4      | Found a glowing drain.
  2525 | Sewer    | Entered a sewer
  2934 | Sewer    | Reached skill level 7 in Axes
  2934 | Sewer    | Reached XP level 7. HP: 33/50 MP: 10/10
  3682 | Sewer    | Reached skill level 8 in Axes
  3943 | D:4      | Mangled by an ogre

Illustrated notes

Levels and vault maps discovered:
D:1:      amcnicky_arrival_underground_garden, layout_basic, serial_shops,
          nicolae_shop_crystal
D:2:      layout_basic, hellmonk_ecumenical_altar_leap_of_faith, uniq_sigmund
D:3:      layout_basic, mainiacjoe_overflow_alcove_3, minivault_23
D:4:      kennysheep_six_static_rooms, layout_basic, gup_sewer_entry_bubbles

Skill      XL: |  1  2  3  4  5  6  7 |
---------------+----------------------+-----
Axes           | 3 5 7 8 |  8.1
Fighting       | |  2.1
Throwing       | |  1.0
Armour         | |  1.1
Dodging        | |  1.7
Spellcasting   | |  2.1
Translocations | |  2.6

Action                   |  1- 3 |  4- 6 |  7- 9 || total
-------------------------+-------+-------+-------++-------
Melee: Hand axe          |   109 |   222 |     8 ||   339
       Dagger            |       |    13 |   116 ||   129
       Punch             |       |     2 |       ||     2
Throw: Dart              |     2 |       |     3 ||     5
Armor: Leather armour    |    49 |     1 |       ||    50
       Scale mail        |       |    76 |    38 ||   114
Dodge: Dodged            |    69 |   106 |    55 ||   230
